 Dungeon Crawl Stone Soup version 0.25.0-9-g26727b657a (webtiles) character file.

Game seed: 2641698369017358056

123 funshine the Chiller (level 5, -1/25 HPs)
             Began as a Gargoyle Ice Elementalist on June 19, 2020.
             Slain by Purgy (2 damage)
             ... on level 3 of the Dungeon.
             The game lasted 00:17:40 (2222 turns).

funshine the Chiller (Gargoyle Ice Elementalist)    Turns: 2222, Time: 00:17:40

Health: -1/25      AC:  8    Str: 11    XL:     5   Next: 7%
Magic:  2/8        EV: 12    Int: 17    God:
Gold:   56         SH:  0    Dex: 10    Spells: 5/9 levels left

rFire    . . .     SeeInvis .   l - +6 falchion (elec)
rCold    . . .     Gourm    .   (no shield)
rNeg     + . .     Faith    .   a - +1 robe
rPois    ∞         Spirit   .   (no helmet)
rElec    +         Reflect  .   (no cloak)
rCorr    .         Harm     .   (no gloves)
MR       .....                  (no boots)
Stlth    ++........             b - amulet of the acrobat
HPRegen  0.08/turn              (no ring)
MPRegen  0.11/turn              (no ring)

@: no status effects
A: blink, frail 1, negative energy resistance 1, shaggy fur 1, electricity
resistance, unbreathing, petrification resistance, rot immunity, AC +4
a: Blink


You were on level 3 of the Dungeon.
You were hungry.

You visited 1 branch of the dungeon, and saw 3 of its levels.

You collected 56 gold pieces.

Inventory:

Hand Weapons
 h - a +1 spear
 l - a +6 falchion of electrocution (weapon)
Armour
 a - a +1 robe (worn)
 e - a +0 leather armour
Jewellery
 b - an amulet of the acrobat (around neck)
Scrolls
 m - 2 scrolls of identify
Potions
 o - a potion of berserk rage {unknown}
Comestibles
 c - 2 rations


   Skills:
 * Level 1.1 Long Blades
 - Level 0.9 Polearms
 + Level 1.9 Dodging
 + Level 2.8 Stealth
 - Level 0.4 Unarmed Combat
 + Level 2.6 Spellcasting
 + Level 4.9 Ice Magic


You had 5 spell levels left.
You knew the following spells:

 Your Spells              Type           Power        Failure   Level  Hunger
a - Freeze                Ice            ###.         2%          1    #......
b - Frozen Ramparts       Ice            ###...       8%          3    ###....

Your spell library contained the following spells:

 Spells                   Type           Power        Failure   Level  Hunger
 Ozocubu's Armour         Chrm/Ice       ##......     21%         3    ###....
 Hailstorm                Conj/Ice       ##......     54%         4    #####..
 Summon Ice Beast         Ice/Summ       ##......     54%         4    #####..


Dungeon Overview and Level Annotations

Branches:
Dungeon (3/15)

Altars:

Annotations:
D:3 Purgy


Innate Abilities, Weirdness & Mutations

You are resistant to torment.
Your stone body is resilient. (AC +4)
You are immune to poison.
You resist negative energy. (rN+)
You are resistant to electric shocks. (rElec)
You can survive without breathing.
You are immune to petrification.
You are immune to rotting.
You can translocate small distances at will.
You are frail. (-10% HP)
You are covered in fur. (AC +1)


Message History

Purgy barely misses you. Purgy closely misses you.
Purgy claws you but does no damage. Purgy barely misses you. Purgy claws you.
* * * LOW HITPOINT WARNING * * *
Purgy claws you.
* * * LOW HITPOINT WARNING * * *
You barely miss Purgy.
Purgy is lightly wounded.
Purgy bites you but does no damage. Purgy barely misses you. x2
You barely miss Purgy.
Purgy is lightly wounded.
Purgy bites you but does no damage. Purgy claws you but does no damage. x2
You hit Purgy. Lightning courses through Purgy!!
Purgy is severely wounded.
Purgy bites you.
* * * LOW HITPOINT WARNING * * *
Purgy misses you. Purgy claws you but does no damage.
You closely miss Purgy.
Purgy is severely wounded.
Purgy misses you. Purgy claws you.
You die...

#.............##...>#..
#.##..........†...#.# .
#.##............###...
#####....#................
#......................>.
##........................
##.^.......................
..............T............
.##..<........@....?.......
...........................
##.........................
###............###........
#!#.........## #.(......
#..#.........# #######..
#......####### ####...#
#####


You could see Purgy.

Vanquished Creatures
  Terence (D:2)
  4 adders (D:2)
  2 oozes
  2 worms (D:2)
  2 dart slugs
  A leopard gecko (D:1)
  An orc (D:3)
  6 bats
  A giant cockroach (D:1)
  4 hobgoblins
  2 quokkas (D:2)
  A frilled lizard (D:1)
  5 goblins
  4 kobolds
  10 rats
46 creatures vanquished.

Notes
Turn   | Place    | Note
-------+----------+-------------------------------------------
     0 | D:1      | funshine the Gargoyle Ice Elementalist began the quest for
                  | the Orb.
     0 | D:1      | Reached XP level 1. HP: 10/10 MP: 3/3
   148 | D:1      | Reached XP level 2. HP: 5/15 MP: 0/5
   691 | D:1      | Reached XP level 3. HP: 19/19 MP: 0/6
  1237 | D:2      | Noticed Terence
  1247 | D:2      | Learned a level 3 spell: Frozen Ramparts
  1268 | D:2      | Killed Terence
  1268 | D:2      | Reached XP level 4. HP: 20/24 MP: 0/7
  1914 | D:2      | Reached skill level 1 in Long Blades
  2066 | D:3      | Reached XP level 5. HP: 28/28 MP: 6/8
  2067 | D:3      | Noticed Purgy
  2213 | D:3      | Gained mutation: You are frail. (-10% HP) [potion of
                  | mutation]
  2213 | D:3      | Gained mutation: You can translocate small distances at
                  | will. [potion of mutation]
  2213 | D:3      | Gained mutation: You are covered in fur. (AC +1) [potion of
                  | mutation]
  2218 | D:3      | HP: 1/25 [Purgy (2)]
  2222 | D:3      | Slain by Purgy

Illustrated notes

Levels and vault maps discovered:
D:1:      dpeg_arrival_pond, layout_basic
D:2:      layout_basic, uniq_terence
D:3:      layout_rooms, marbit_many_paths, uniq_purgy

Skill      XL: |  1  2  3  4 |
---------------+-------------+-----
Long Blades    | 1 |  1.1
Polearms       | |  0.9
Dodging        | |  1.9
Stealth        | |  2.8
Unarmed Combat | |  0.4
Spellcasting   | |  2.6
Ice Magic      | |  4.9

Action                   |  1- 3 |  4- 6 || total
-------------------------+-------+-------++-------
Melee: Unarmed           |    36 |       ||    36
       Spear             |    14 |       ||    14
       Falchion          |       |    35 ||    35
 Cast: Freeze            |    30 |    17 ||    47
       Frozen Ramparts   |       |     1 ||     1
  Use: Scroll            |     5 |     3 ||     8
       Potion            |       |     3 ||     3
 Stab: Sleeping          |       |     3 ||     3
  Eat: Chunk             |     1 |       ||     1
       Ration            |       |     1 ||     1
Armor: Robe              |    20 |    27 ||    47
Dodge: Dodged            |    61 |    73 ||   134
       Rpst.: Falchion   |       |    13 ||    13
